 Dungeon Crawl Stone Soup version 0.30.1 (webtiles) character file.

Game seed: 18316815632986700577

469 Gabide the Ruffian (level 6, 0/47 HPs)
             Began as a Mummy Berserker on July 13, 2023.
             Was a Believer of Trog.
             Slain by a killer bee (7 damage)
             ... on level 4 of the Dungeon.
             The game lasted 00:07:19 (3185 turns).

Gabide the Ruffian (Mummy Berserker)                Turns: 3185, Time: 00:07:19

Health: 0/47       AC:  6    Str: 23    XL:     6   Next: 82%
Magic:  6/6        EV: 12    Int:  6    God:    Trog [**....]
Gold:   1455       SH:  0    Dex: 11    Spells: 5/5 levels left

rFire   . .          .
                       - Unarmed
rCold   + . .        (no shield)
rNeg    + + +        a - +1 leather armour {Will+}
rPois   ∞            (no helmet)
rElec   .            e - +0 cloak
rCorr   .            (no gloves)
SInv    +            c - +0 pair of boots
Will    +++..        (no amulet)
Stlth   +            b - ring of protection from fire
HPRegen 1.27/turn    d - ring of see invisible
MPRegen 0.10/turn

%: faith
@: strong-willed (expiring), regenerating (expiring)
A: cold resistance 1, negative energy resistance 3, torment resistance 2, heat
vulnerability 1, in touch with death 1, no potions, faith
a: Renounce Religion, Trog's Hand


You were on level 4 of the Dungeon.
You worshipped Trog.
Trog was pleased with you.
You visited 2 branches of the dungeon, and saw 5 of its levels.

You collected 1455 gold pieces.

Inventory:

Armour
 a - a +1 leather armour of willpower (worn)
 c - a +0 pair of boots (worn)
 e - a +0 cloak (worn)
Jewellery
 b - a ring of protection from fire (left hand)
 d - a ring of see invisible (right hand)
 k - an amulet of magic regeneration
Wands
 j - a wand of digging (4)
Scrolls
 f - 2 scrolls of magic mapping
 g - a scroll of amnesia {unknown}
 h - a scroll of brand weapon {unknown}
 i - a scroll of enchant weapon {unknown}


   Skills:
 - Level 3.0 Fighting
 - Level 2.0 Armour
 - Level 2.0 Dodging
 + Level 6.2 Unarmed Combat


You had 5 spell levels left.
You didn't know any spells.
Your spell library was empty.

Dungeon Overview and Level Annotations

Branches:
Dungeon (4/15)             Temple (1/1) D:4

Altars:
Ashenzari
Cheibriados
Dithmenos
Fedhas
Gozag
Kikubaaqudgha
Makhleb
Nemelex Xobeh
Okawaru
Qazlal
Ru
Trog
Uskayaw
Vehumet
Wu Jian
Yredelemnul


Innate Abilities, Weirdness & Mutations

You are immune to poison.
Your flesh is cold resistant. (rC+)
You are immune to negative energy. (rN+++)
You are immune to unholy pain and torment.
You are vulnerable to heat. (rF-)
You are in touch with the powers of death.
You do not drink.
You have a special connection with the divine. (Faith)


Message History

You feel strong-willed.
The killer bee stings you but does no damage.
The killer bee misses you.
You miss the killer bee. Your punch misses the killer bee.
The killer bee is lightly wounded.
The killer bee stings you but does no damage. x2
You barely miss the killer bee.
The killer bee is lightly wounded.
The killer bee stings you.
* * * LOW HITPOINT WARNING * * *
The killer bee closely misses you.
You closely miss the killer bee. Your punch misses the killer bee.
The killer bee is lightly wounded.
The killer bee stings you but does no damage. x2
You punch the killer bee!
The killer bee is almost dead.
The killer bee stings you.
* * * LOW HITPOINT WARNING * * *
You miss the killer bee.
The killer bee is almost dead.
The killer bee stings you.
* * * LOW HITPOINT WARNING * * *
The killer bee barely misses you.
You hit the killer bee but do no damage.
The killer bee is almost dead.
You feel the effects of Trog's Hand fading.
The killer bee stings you but does no damage.
The killer bee closely misses you.
Okay, then.
Okay, then.
You can't drink.
Okay, then.
You closely miss the killer bee.
The killer bee is almost dead.
The killer bee barely misses you. The killer bee stings you.
* * * LOW HITPOINT WARNING * * *
You closely miss the killer bee.
The killer bee is almost dead.
The killer bee barely misses you. The killer bee stings you!
You die...

#######
########........##########
................@yy......#
................##.......#
................ #.......#######
................ #.............#
.........#.....# #.............#
...............# #.............#
...............# #.............#
..#####........#########.......#
..##...........................#


You could see 2 killer bees.

Vanquished Creatures
  2 scorpions (D:4)
  A killer bee (D:4)
  A howler monkey (D:4)
  Crazy Yiuf (D:2)
  Terence (D:2)
  4 orc wizards (D:4)
  5 adders
  A worm (D:3)
  12 orcs
  6 endoplasms
  2 giant cockroaches
  6 hobgoblins
  2 jackals (D:1)
  5 quokkas
  4 ball pythons
  6 bats
  2 frilled lizards
  6 goblins
  6 kobolds
  A rat (D:1)
74 creatures vanquished.

Notes
Turn   | Place    | Note
-------+----------+-------------------------------------------
     0 | D:1      | Gabide the Mummy Berserker began the quest for the Orb.
     0 | D:1      | Reached XP level 1. HP: 18/18 MP: 1/1
   115 | D:1      | Reached XP level 2. HP: 21/24 MP: 2/2
   191 | D:1      | Reached ** piety under Trog
   661 | D:1      | Reached skill level 3 in Unarmed Combat
   842 | D:2      | Gained mutation: You are in touch with the powers of death.
                  | [Mummy growth]
   842 | D:2      | Reached XP level 3. HP: 14/29 MP: 3/3
  1011 | D:2      | Noticed Terence
  1206 | D:2      | Killed Terence
  1207 | D:2      | Reached XP level 4. HP: 23/35 MP: 4/4
  1371 | D:2      | Found a runed translucent door.
  1372 | D:2      | Noticed Crazy Yiuf
  1481 | D:2      | Identified a scroll of acquirement
  1481 | D:2      | Acquired 1182 gold pieces
  1525 | D:3      | Found a radiant altar of Vehumet.
  1600 | D:3      | Found a bloodstained altar of Trog.
  1723 | D:3      | Reached skill level 4 in Unarmed Combat
  1895 | D:3      | Found a faded altar of an unknown god.
  2239 | D:2      | Killed Crazy Yiuf
  2240 | D:2      | Reached XP level 5. HP: 14/41 MP: 0/5
  2386 | D:4      | Found a staircase to the Ecumenical Temple.
  2402 | Temple   | Entered the Ecumenical Temple
  2402 | Temple   | Found a transporter.
  2402 | Temple   | Found a transporter.
  2408 | Temple   | Found a transporter.
  2408 | Temple   | Found a transporter.
  2562 | D:4      | Reached skill level 5 in Unarmed Combat
  2595 | D:4      | Reached XP level 6. HP: 26/47 MP: 6/6
  3056 | D:4      | Reached skill level 6 in Unarmed Combat
  3185 | D:4      | Slain by a killer bee

Illustrated notes

Levels and vault maps discovered:
D:1:      wander_arrival_abandoned_jail, layout_basic
D:2:      layout_rooms, uniq_crazy_yiuf_cottage, uniq_terence
D:3:      layout_rooms, mainiacjoe_overflow_paths, mainiacjoe_overflow_chevrons,
          shapermc_ecumenical_altar_mp_highgroup
D:4:      layout_basic, minmay_temple_entry_nine_rooms
Temple:   hellmonk_temple_divided_pantheon

Skill      XL: |  1  2  3  4  5  6 |
---------------+-------------------+-----
Dodging        | 2 |  2.0
Armour         | 2 |  2.0
Unarmed Combat | 3 4 5 6 |  6.2
Fighting       | |  3.0

Action                     |  1- 3 |  4- 6 || total
---------------------------+-------+-------++-------
  Melee: Unarmed           |   144 |   208 ||   352
         Punch             |     1 |     6 ||     7
 Invoke: Trog's Hand       |     4 |     7 ||    11
  Evoke: Wand              |       |     1 ||     1
    Use: Scroll            |     2 |     5 ||     7
   Stab: Sleeping          |     2 |       ||     2
 Armour: Animal skin       |    13 |       ||    13
         Leather armour    |     4 |    69 ||    73
         Scale mail        |     2 |       ||     2
  Dodge: Dodged            |    92 |   168 ||   260
